[Event "*** Titled Tuesday Blitz"]
[Site "Chess.com"]
[Date "2021.04.20"]
[Round "3"]
[White "Roedor"]
[Black "MFBerna"]
[Result "0-1"]
[WhiteElo "2275"]
[BlackElo "2515"]
[TimeControl "180+1"]
[EndTime "10:24:40 PDT"]
[Termination "MFBerna won by resignation"]

1. d4 Nf6 2. c4 c6 3. Nf3 d5 4. e3 e6 5. b3 Nbd7 6. Bd3 Bd6 7. Bb2 O-O 8. O-O b6 9. Ne5 Bb7 10. f4 c5 11. Nd2 Rc8 12. Ndf3 cxd4 13. exd4 Ne4 14. Nxd7 Qxd7 15. Ne5 Qe7 16. f5 f6 17. Ng6 hxg6 18. fxg6 f5 19. Bxe4 Qh4 20. g3 Qxe4 21. Qh5 Qe3+ 22. Rf2 Qh6 23. Qe2 Qxg6 0-1

[Event "*** Titled Tuesday Blitz"]
[Site "Chess.com"]
[Date "2021.04.20"]
[Round "3"]
[White "joejan"]
[Black "Gusarov91"]
[Result "0-1"]
[WhiteElo "2272"]
[BlackElo "2635"]
[TimeControl "180+1"]
[EndTime "10:24:40 PDT"]
[Termination "Gusarov91 won by resignation"]

1. e4 c6 2. Nc3 d5 3. Nf3 Bg4 4. h3 Bxf3 5. Qxf3 e6 6. d3 Nd7 7.
g4 g6 8. Bd2 Bg7 9. O-O-O Ne7 10. Be2 Qb6 11. h4 Ne5 12. Qg3 O-O-O 13. h5 Rhg8 14.
Bg5 f6 15. Bd2 g5 16. f4 gxf4 17. Bxf4 Nf7 18. exd5 Nxd5 19. Nxd5 cxd5 20. Be3 Qa5 21. Kb1 Rd6 22. Bd2 Qb5 23. Bc3 Rb6 24. Rhf1 f5 25. Qe1 d4 26. a4 Qxa4 0-1

[Event "*** Titled Tuesday Blitz"]
[Site "Chess.com"]
[Date "2021.04.20"]
[Round "3"]
[White "lider34"]
[Black "DKmirl"]
[Result "1-0"]
[WhiteElo "2470"]
[BlackElo "1883"]
[TimeControl "180+1"]
[EndTime "10:24:50 PDT"]
[Termination "lider34 won by resignation"]

1. e4 c5 2. c3 Nc6 3. Nf3 g6 4. d4 cxd4 5. cxd4 Bg7 6. d5 Ne5 7. Nd4 d6 8. Nc3 Nf6 9. h3 O-O 10. Be2 a6 11. O-O b5 12. f4 Nc4 13. b3 Nb6 14. Bf3 e6 15. dxe6 fxe6 16. Be3 Ra7 17. Nc6 Qc7 18. Nxa7 Qxc3 19. Bxb6 1-0

[Event "*** Titled Tuesday Blitz"]
[Site "Chess.com"]
[Date "2021.04.20"]
[Round "3"]
[White "JoseRemolar"]
[Black "jacky72"]
[Result "0-1"]
[WhiteElo "2427"]
[BlackElo "2724"]
[TimeControl "180+1"]
[EndTime "10:24:53 PDT"]
[Termination "jacky72 won on time"]

1. d4 Nf6 2. c4 g6 3. Nf3 Bg7 4.
Nc3 O-O 5. g3 d6 6. Bg2 Nc6 7. O-O Bf5 8. Nh4 Bd7 9. e4 e5 10. d5 Nd4 11. Be3 c5 12. dxc6 Bxc6 13. Nd5 Nxd5 14. exd5 Bd7 15. Qd2 Rc8 16. Rac1 f5 17.
Rfd1 f4 18. Bxd4 exd4 19. Re1 Qf6 20. Re4 g5 21. Nf3 Bf5 22. Rxd4 g4 23. Rxf4 gxf3 24. Bh3 Bh6 25. Rxf5 Bxd2 26. Rxf6 Bxc1 0-1

[Event "*** Titled Tuesday Blitz"]
[Site "Chess.com"]
[Date "2021.04.20"]
[Round "3"]
[White "korkmaz16"]
[Black "beto-betun"]
[Result "1-0"]
[WhiteElo "2445"]
[BlackElo "2217"]
[TimeControl "180+1"]
[EndTime "10:24:53 PDT"]
[Termination "korkmaz16 won by resignation"]

1. e4 c5 2. Nc3 Nc6 3. f4 g6 4. Nf3 Bg7 5. Bb5 e6 6. Bxc6 bxc6 7. O-O Ne7 8. d3 O-O 9. Qe1 d5 10. f5 exf5 11. e5 d4 12. Na4 Qd5 13. Qh4 Re8 14. Bg5 h6 15. Bxh6 f4 16. Bxg7 Kxg7 17. Qf6+ Kg8 18. Ng5 Nf5 19. Rxf4 Re6 20. Qxf7+ 1-0

[Event "*** Titled Tuesday Blitz"]
[Site "Chess.com"]
[Date "2021.04.20"]
[Round "3"]
[White "c_r_e_e_p_e_r"]
[Black "rikyshi"]
[Result "1-0"]
[WhiteElo "2359"]
[BlackElo "2169"]
[TimeControl "180+1"]
[EndTime "10:24:54 PDT"]
[Termination "c_r_e_e_p_e_r won on time"]

1. e4 e6 2. d4 d5 3. e5 c5 4.
c3 Nc6 5. Nf3 Qb6 6. a3 cxd4 7. cxd4 Nge7 8. Bd3 Ng6 9. O-O Be7 10.
h4 Nxh4 11. Nxh4 Bxh4 12. Be3 Qxb2 13. Nd2 Nxd4 14. Qg4 Nc2 15. Qxg7 Bxf2+ 16. Bxf2 Rf8 17. Bc5 1-0

[Event "*** Titled Tuesday Blitz"]
[Site "Chess.com"]
[Date "2021.04.20"]
[Round "3"]
[White "Skat2704"]
[Black "amintabatabaei"]
[Result "0-1"]
[WhiteElo "2667"]
[BlackElo "2985"]
[TimeControl "180+1"]
[EndTime "10:24:56 PDT"]
[Termination "amintabatabaei won by resignation"]

1. d4 Nf6 2. c4 g6 3. Nf3 c5 4. d5 b5 5. cxb5 a6 6. bxa6 Bg7 7. Nc3 O-O 8. g3 d6 9. Bg2 Nxa6 10. O-O Bf5 11. Nd2 Nb4 12. e4 Bg4 13. f3 Bc8 14.
Nc4 Ba6 15. Qe2 Nd7 16. Nd1 Nb6 17. Nde3 Bd4 18. Kh1 Bxe3 19. Qxe3 Nxc4 20. Qc3 Ne5 21. Bh6 Nxa2 0-1

[Event "*** Titled Tuesday Blitz"]
[Site "Chess.com"]
[Date "2021.04.20"]
[Round "3"]
[White "chessdjw"]
[Black "Apocalyps999"]
[Result "1-0"]
[WhiteElo "2744"]
[BlackElo "2439"]
[TimeControl "180+1"]
[EndTime "10:25:08 PDT"]
[Termination "chessdjw won by resignation"]

1. e4 c5 2. Nf3 e6 3. d4 cxd4 4. Nxd4 Nf6 5. Nc3 Nc6 6. g3 Bb4 7. Bg2 d5 8. exd5 Nxd5 9. Nxc6 bxc6 10. O-O Ba6 11. Re1 O-O 12. a3 Bxc3 13. bxc3 Nxc3 14.
Qg4 Ne2+ 15. Rxe2 Qd1+ 16. Bf1 Rab8 17. Bb2 1-0

[Event "*** Titled Tuesday Blitz"]
[Site "Chess.com"]
[Date "2021.04.20"]
[Round "3"]
[White "canary2016"]
[Black "AEMEffi"]
[Result "0-1"]
[WhiteElo "1998"]
[BlackElo "2317"]
[TimeControl "180+1"]
[EndTime "10:25:12 PDT"]
[Termination "AEMEffi won by checkmate"]

1. d4 Nf6 2. c4 g6 3. Nf3 Bg7 4. g3 c6 5. Bg2 d5 6. O-O O-O 7. b3 a5 8. Nc3 Na6 9. Bb2 Bf5 10. Nh4 Be6 11. cxd5 Nxd5 12. e3 Nxc3 13. Bxc3 a4 14. bxa4 Qd6 15. Qc2 Nb4 16. Bxb4 Qxb4 17. Rfb1 Qa3 18.
Rxb7 Rxa4 19. Bxc6 Rc4 20. Qe4 Bh3 21. Bd5 Rc1+ 22. Rxc1 Qxc1# 0-1

[Event "*** Titled Tuesday Blitz"]
[Site "Chess.com"]
[Date "2021.04.20"]
[Round "3"]
[White "4empechement"]
[Black "allejam"]
[Result "1-0"]
[WhiteElo "2490"]
[BlackElo "2200"]
[TimeControl "180+1"]
[EndTime "10:25:15 PDT"]
[Termination "4empechement won by resignation"]

1. e4 e5 2. Nf3 Nc6 3. Nc3 Nf6 4. Bb5 Bc5 5. O-O d6 6. d4 exd4 7. Nxd4 Bd7 8. Bxc6 bxc6 9. Bg5 h6 10. Bh4 g5 11. Bg3 Qe7 12. Re1 O-O 13. e5 Rfe8 14. Nb3 Ng4 15. Nxc5 dxc5 16. h3 h5 17. hxg4 h4 18.
Bh2 f6 19. exf6 Qf7 20. Ne4 Rad8 21. Qf3 Qe6 22. f7+ Qxf7 23. Nf6+ Qxf6 24. Qxf6 1-0

[Event "*** Titled Tuesday Blitz"]
[Site "Chess.com"]
[Date "2021.04.20"]
[Round "3"]
[White "DamianoLew95"]
[Black "Phenix2k"]
[Result "1-0"]
[WhiteElo "2506"]
[BlackElo "2257"]
[TimeControl "180+1"]
[EndTime "10:25:16 PDT"]
[Termination "DamianoLew95 won by resignation"]

1. d4 Nf6 2. Bf4 d5 3. e3 e6 4.
h3 Bd6 5. Bxd6 Qxd6 6. Nf3 O-O 7. c3 c5 8. Nbd2 Nbd7 9. Bd3 e5 10. dxe5 Nxe5 11.
Nxe5 Qxe5 12. O-O Rb8 13. Qf3 b5 14. Rab1 a5 15. Rfd1 h6 16. Bc2 Bb7 17. Qf4 Qxf4 18. exf4 Rfe8 19. Nb3 c4 20. Nxa5 Ba8 21. Rd2 Re7 22.
b4 Rbe8 23. Kf1 g6 24. a4 Rb8 25. axb5 Rxb5 26. Re1 Ne4 27. Bxe4 1-0

[Event "*** Titled Tuesday Blitz"]
[Site "Chess.com"]
[Date "2021.04.20"]
[Round "3"]
[White "Komiagina_Maria"]
[Black "Das_Virus_2020"]
[Result "0-1"]
[WhiteElo "2235"]
[BlackElo "2482"]
[TimeControl "180+1"]
[EndTime "10:25:19 PDT"]
[Termination "Das_Virus_2020 won by resignation"]

1. e4 e6 2. d4 d5 3. exd5 exd5 4. Nf3 Nf6 5. Bd3 Bd6 6. h3 Be6 7. O-O Nc6 8. c3 Qd7 9. Ng5 O-O-O 10. Nxe6 fxe6 11.
f4 Rdf8 12. Qe2 g6 13. Na3 Nh5 14. Qg4 Ne7 15. Nb5 Nf5 16. Bd2 a6 17. Nxd6+ Nxd6 18. Rae1 Re8 19. Rf3 Nf6 20. Qh4 Nfe4 21. Bc1 Nf5 22.
Qg4 h5 23. Qxg6 Reg8 0-1

[Event "*** Titled Tuesday Blitz"]
[Site "Chess.com"]
[Date "2021.04.20"]
[Round "3"]
[White "esteban062000"]
[Black "Hangar-18"]
[Result "0-1"]
[WhiteElo "2164"]
[BlackElo "2352"]
[TimeControl "180+1"]
[EndTime "10:25:20 PDT"]
[Termination "Hangar-18 won by checkmate"]

1. Nf3 d5 2. c4 d4 3. b4 f6 4.
Bb2 e5 5. b5 Be6 6. d3 Ne7 7. g3 Ng6 8. Bg2 h5 9. Nbd2 Nd7 10.
Bxd4 exd4 11. Nxd4 Bf7 12. Bxb7 Qb8 13. Bxa8 Qxa8 14.
O-O h4 15. N2f3 hxg3 16. hxg3 Nde5 17. Kg2 Bc5 18. e4 Qc8 19. Nf5 Nxf3 20. Qxf3 Ne5 21. Nxg7+ Kf8 22. Qxf6 Qh3+ 23. Kg1 Qh1# 0-1

[Event "*** Titled Tuesday Blitz"]
[Site "Chess.com"]
[Date "2021.04.20"]
[Round "3"]
[White "volkanyirik"]
[Black "SchmakAttack"]
[Result "0-1"]
[WhiteElo "2400"]
[BlackElo "2603"]
[TimeControl "180+1"]
[EndTime "10:25:21 PDT"]
[Termination "SchmakAttack won by resignation"]

1. e4 g6 2. d4 Bg7 3. c4 d6 4. Nc3 Nf6 5. Nf3 O-O 6. Be2 e5 7. Be3 c6 8. dxe5 dxe5 9. Qxd8 Rxd8 10. Nxe5 Nxe4 11. Nxe4 Bxe5 12. Bg5 Re8 13. Nf6+ Bxf6 14. Bxf6 Bf5 15. Bd4 Na6 16. Be3 Nb4 17. O-O Nc2 18.
Rad1 Nxe3 19. fxe3 Rxe3 20. Bf3 Rae8 21. Kf2 Bd3 22. Rg1 Bxc4 23. Rd7 R3e7 24. Rxe7 Rxe7 25. b3 Be6 26. Rd1 Rd7 27. Rxd7 Bxd7 28. Ke3 Kf8 29. Kd4 b6 30. Ke5 Ke7 31. b4 f6+ 32.
Kd4 Kd6 33. a3 c5+ 34. Kc3 Be6 0-1

[Event "*** Titled Tuesday Blitz"]
[Site "Chess.com"]
[Date "2021.04.20"]
[Round "3"]
[White "frenchpin"]
[Black "I_Enchev"]
[Result "0-1"]
[WhiteElo "2408"]
[BlackElo "2612"]
[TimeControl "180+1"]
[EndTime "10:25:28 PDT"]
[Termination "I_Enchev won by resignation"]

1. e4 c5 2. Nf3 a6 3. c3 e6 4.
d4 d5 5. exd5 exd5 6. dxc5 Bxc5 7.
Be2 Nf6 8. O-O O-O 9. Nbd2 Nc6 10. Nb3 Ba7 11. Nbd4 Ne4 12. Be3 Re8 13. Re1 Ne7 14. Ne5 Bb8 15. Ndf3 Nf5 16. Bf4 g5 17. Nxg5 Nxg5 18.
Bxg5 Qxg5 19. Nxf7 Qh4 20. g3 Qf6 21. Bh5 Rxe1+ 22. Qxe1 Ng7 23. g4 Nxh5 24. Qe8+ Kg7 25. g5 Qxf7 26. Qxc8 Bxh2+ 0-1

[Event "*** Titled Tuesday Blitz"]
[Site "Chess.com"]
[Date "2021.04.20"]
[Round "3"]
[White "MaxLeto"]
[Black "dhaessel"]
[Result "1-0"]
[WhiteElo "2328"]
[BlackElo "2087"]
[TimeControl "180+1"]
[EndTime "10:25:30 PDT"]
[Termination "MaxLeto won on time"]

1. g4 d5 2. Bg2 Nc6 3. g5 h6 4. g6 fxg6 5. d4 Nf6 6. Nf3 e6 7. c4 Bb4+ 8. Bd2 O-O 9. Bxb4 Nxb4 10. Qb3 Nc6 11. Nbd2 Kh7 12. O-O-O a5 13. h4 Nb4 14. Kb1 Qe7 15. c5 Nc6 16. Rdg1 a4 17. Qd3 Qe8 18. Bh3 Nb4 19. Qc3 Nc6 20. Rg2 e5 21. Nxe5 Nxe5 22.
dxe5 Ne4 23. Nxe4 dxe4 24. Bxc8 Rxc8 25. Rhg1 Qe7 26. Rxg6 Rxf2 27. e6 1-0

[Event "*** Titled Tuesday Blitz"]
[Site "Chess.com"]
[Date "2021.04.20"]
[Round "3"]
[White "GameOverBro"]
[Black "GadimbayliA"]
[Result "0-1"]
[WhiteElo "2548"]
[BlackElo "2762"]
[TimeControl "180+1"]
[EndTime "10:25:32 PDT"]
[Termination "GadimbayliA won by resignation"]

1. e4 e5 2. Nf3 d5 3. exd5 e4 4. Qe2 Nf6 5. Nc3 Be7 6. Nxe4 O-O 7. Nxf6+ Bxf6 8. Qd1 Qxd5 9. Be2 Nc6 10. O-O Bg4 11.
d3 Rad8 12. c3 Bxf3 13. Bxf3 Qxd3 14. Qxd3 Rxd3 15. Bxc6 bxc6 16. Be3 Rb8 17. Rab1 a5 18. Rfc1 a4 19. a3 Rb3 20. Kf1 Rd5 21. c4 Rd8 22. Rc2 Rdb8 23. Bc5 Bxb2 24. Rd1 Bxa3 25. Bxa3 Rxa3 26.
Rd7 h6 27. Rxc7 Ra8 28. Rxc6 Ra1+ 29. Ke2 a3 30. Kf3 a2 31. c5 Rb1 32. Rxa2 Rxa2 33. Rc8+ Kh7 34. c6 Rb3+ 35. Ke4 Rxf2 36. c7 Rc3 0-1

[Event "*** Titled Tuesday Blitz"]
[Site "Chess.com"]
[Date "2021.04.20"]
[Round "3"]
[White "mjray79"]
[Black "TheRealPeakyBlinder"]
[Result "1-0"]
[WhiteElo "2434"]
[BlackElo "2631"]
[TimeControl "180+1"]
[EndTime "10:25:32 PDT"]
[Termination "mjray79 won by resignation"]

1. d4 e6 2. g3 f5 3. Bg2 Nf6 4.
c4 Be7 5. Nf3 d5 6. O-O Ne4 7.
Qc2 Nc6 8. Nc3 h5 9. h4 g5 10. cxd5 exd5 11. Nxe4 fxe4 12. Nxg5 Nxd4 13. Qa4+ Nc6 14.
Rd1 Bg4 15. Bxe4 dxe4 16. Rxd8+ Rxd8 17. Qxe4 Rf8 18. Bf4 Kd7 19. Rc1 Kc8 20. Rxc6 bxc6 21. Qxe7 Bd7 22. Bxc7 Kxc7 23. Ne6+ Kc8 24. Nxf8 Bg4 25.
Qxa7 Bf3 26. exf3 1-0

[Event "*** Titled Tuesday Blitz"]
[Site "Chess.com"]
[Date "2021.04.20"]
[Round "3"]
[White "seorobert1971"]
[Black "elisak43"]
[Result "1-0"]
[WhiteElo "2721"]
[BlackElo "2498"]
[TimeControl "180+1"]
[EndTime "10:25:36 PDT"]
[Termination "seorobert1971 won on time"]

1. Nf3 Nf6 2. g3 d5 3. Bg2 Nc6 4. O-O e5 5. d4 e4 6. Ne5 Bd6 7. Nxc6 bxc6 8. c4 h5 9. Bg5 h4 10. Nc3 hxg3 11. fxg3 Be7 12. Qa4 Kf8 13. Qxc6 Bd7 14.
Qa6 dxc4 15. Qxc4 Be6 16. d5 Bxd5 17. Nxd5 Qxd5 18. Qxd5 Nxd5 19. Bxe7+ Kxe7 20. Bxe4 Rad8 21. Rac1 Nf6 22. Rxc7+ Kd6 23. Rc4 Rhe8 24. Bf3 Rb8 25. b3 Re5 26. Rd1+ Ke7 27. Rc7+ Kf8 28. Rxa7 g5 29.
g4 Rb4 30. h3 Rb8 31. Rc1 Rd8 32. Rcc7 Rd1+ 33. Kf2 Nd5 34. Rxf7+ 1-0

[Event "*** Titled Tuesday Blitz"]
[Site "Chess.com"]
[Date "2021.04.20"]
[Round "3"]
[White "Aleksey_Sorokin"]
[Black "ZAbdumalik"]
[Result "1-0"]
[WhiteElo "2831"]
[BlackElo "2630"]
[TimeControl "180+1"]
[EndTime "10:25:37 PDT"]
[Termination "Aleksey_Sorokin won by resignation"]

1. d4 Nf6 2. c4 g6 3. Nc3 d5 4.
cxd5 Nxd5 5. e4 Nxc3 6. bxc3 Bg7 7. Nf3 c5 8. Be3 O-O 9. Be2 cxd4 10. cxd4 Qa5+ 11. Nd2 Nc6 12. O-O e6 13. Nb3 Qd8 14. Rc1 f5 15. d5 exd5 16. exd5 Ne5 17. d6 f4 18. Qd5+ Kh8 19. Bd4 Rf5 20. Rc7 f3 21.
Rxg7 fxe2 22. Bxe5 exf1=Q+ 23. Kxf1 1-0

[Event "*** Titled Tuesday Blitz"]
[Site "Chess.com"]
[Date "2021.04.20"]
[Round "3"]
[White "Anna_ChessMate"]
[Black "Redzishchess"]
[Result "1-0"]
[WhiteElo "2554"]
[BlackElo "2362"]
[TimeControl "180+1"]
[EndTime "10:25:42 PDT"]
[Termination "Anna_ChessMate won by resignation"]

1. d4 Nf6 2. c4 c5 3. d5 e6 4. Nc3 exd5 5. cxd5 d6 6. e4 g6 7. Bb5+ Nfd7 8. Bd3 Bg7 9. f4 Qh4+ 10. g3 Qd8 11.
Nf3 O-O 12. O-O a6 13. a4 Nf6 14. Bc4 Bh3 15. Re1 Re8 16. e5 Nh5 17. e6 h6 18.
exf7+ Kxf7 19. Re6 Bxe6 20. dxe6+ Kf8 21. Qd3 Qf6 22.
Qxd6+ Kg8 23. Ne4 Qf5 24. Nxc5 Nc6 25. Be3 Rad8 26. e7+ 1-0

[Event "*** Titled Tuesday Blitz"]
[Site "Chess.com"]
[Date "2021.04.20"]
[Round "3"]
[White "Promacherr"]
[Black "Trickov"]
[Result "1-0"]
[WhiteElo "2613"]
[BlackElo "2408"]
[TimeControl "180+1"]
[EndTime "10:25:43 PDT"]
[Termination "Promacherr won by checkmate"]

1. e4 c5 2. Nc3 Nc6 3. Nf3 g6 4. d4 cxd4 5. Nxd4 Bg7 6. Nb3 Nf6 7. Be2 O-O 8. O-O a6 9. a4 d6 10. Be3 e5 11. f4 exf4 12. Bxf4 Ne5 13. Bg5 h6 14.
Bh4 g5 15. Bg3 Be6 16. Nd4 Qc7 17. Kh1 Rac8 18. a5 Rfe8 19. h4 Ng6 20. hxg5 hxg5 21. Nf5 Bxf5 22. Rxf5 Nxe4 23. Nxe4 Rxe4 24. Bd3 Re3 25. Qg4 Ne5 26. Qxg5 Rxg3 27. Qxg3 Nxd3 28. cxd3 Re8 29. Raf1 Re6 30. Rh5 Rg6 31. Qf3 Qe7 32. Qf5 Be5 33. Re1 Qd8 34. Rf1 Qe7 35. Qc8+ Kg7 36.
Qh8# 1-0

[Event "*** Titled Tuesday Blitz"]
[Site "Chess.com"]
[Date "2021.04.20"]
[Round "3"]
[White "albi1999"]
[Black "Murad_Ibrahimli"]
[Result "1-0"]
[WhiteElo "2616"]
[BlackElo "2734"]
[TimeControl "180+1"]
[EndTime "10:25:44 PDT"]
[Termination "albi1999 won by resignation"]

1. d4 b6 2. e4 Bb7 3. Nd2 e6 4. Ngf3 Nf6 5. Bd3 c5 6. c3 Nc6 7. a3 Be7 8. O-O O-O 9. e5 Nd5 10. Ne4 cxd4 11. cxd4 f5 12. exf6 Bxf6 13. Be3 Nce7 14.
Nd6 Bc6 15. Ne5 Qb8 16. Nxc6 Qxd6 17. Nxe7+ Qxe7 18. Be4 Nxe3 19. fxe3 Rac8 20. Qd3 g6 21. Rac1 Kg7 22. Qa6 d5 23. Rxc8 Rxc8 24. Qxc8 dxe4 25. Rc1 Qd6 26. Qc7+ 1-0

[Event "*** Titled Tuesday Blitz"]
[Site "Chess.com"]
[Date "2021.04.20"]
[Round "3"]
[White "elcandado"]
[Black "JoliyRoger"]
[Result "1-0"]
[WhiteElo "2641"]
[BlackElo "2414"]
[TimeControl "180+1"]
[EndTime "10:25:45 PDT"]
[Termination "elcandado won on time"]

1. d4 Nf6 2. Bf4 e6 3. e3 d5 4. Nd2 c5 5. c3 Bd6 6. Bg3 O-O 7. Bd3 Nc6 8. Ngf3 Bxg3 9. hxg3 Qe7 10. Ne5 g6 11. f4 Bd7 12. g4 Nxe5 13. dxe5 Ne8 14.
g5 Kg7 15. Qg4 Rh8 16. Rh6 Kg8 17. Qh4 Ng7 18. g4 Rc8 19. O-O-O c4 20. Rh1 cxd3 21.
Rxh7 Nh5 22. Rxh8+ Kxh8 23. gxh5 Rxc3+ 24. bxc3 Qa3+ 25. Kb1 Kg8 26. hxg6 Kf8 27. Qh8+ Ke7 28. Qf6+ 1-0

[Event "*** Titled Tuesday Blitz"]
[Site "Chess.com"]
[Date "2021.04.20"]
[Round "3"]
[White "JosefineHeinemann"]
[Black "Azerichess"]
[Result "0-1"]
[WhiteElo "2625"]
[BlackElo "3000"]
[TimeControl "180+1"]
[EndTime "10:25:46 PDT"]
[Termination "Azerichess won by checkmate"]

1. e4 Nf6 2. e5 Nd5 3. d4 d6 4. c4 Nb6 5. exd6 cxd6 6. Nc3 g6 7. Be3 Bg7 8. Rc1 O-O 9. Be2 Nc6 10. b3 e6 11. Nf3 d5 12. c5 Nd7 13. h4 Nxc5 14.
dxc5 d4 15. Nxd4 Bxd4 16. Bxd4 Nxd4 17. h5 Qg5 18. g3 Nxe2 19. Nxe2 Rd8 20. Qc2 e5 21. hxg6 hxg6 22. Rd1 Bg4 23. Rd2 Rac8 24. b4 b6 25. Rxd8+ Rxd8 26. Qe4 Qc1+ 27. Nxc1 Rd1# 0-1

[Event "*** Titled Tuesday Blitz"]
[Site "Chess.com"]
[Date "2021.04.20"]
[Round "3"]
[White "fyall777"]
[Black "Koalaskakistis"]
[Result "0-1"]
[WhiteElo "2322"]
[BlackElo "2541"]
[TimeControl "180+1"]
[EndTime "10:25:48 PDT"]
[Termination "Koalaskakistis won on time"]

1. e4 c5 2. d3 Nc6 3. Be3 e6 4.
f4 d6 5. Nf3 g6 6. Be2 Bg7 7.
c3 Nge7 8. O-O O-O 9. Nbd2 d5 10. Bxc5 dxe4 11. Nxe4 b6 12. Bf2 h5 13. Bh4 Qc7 14. g3 Nf5 15. Bf6 Ne3 16. Qd2 Nxf1 17. Rxf1 Bb7 18.
Nh4 Ne7 19. f5 Nxf5 20. Rxf5 exf5 21. Nxf5 Bxe4 22. Bxg7 Qc5+ 23. d4 Qxf5 24. Qh6 f6 25. Bc4+ Bd5 26. Qh8+ Kf7 27. Bxf8 Rxf8 28. Qh7+ Ke6 29.
Bb5 Qb1+ 30. Kf2 Qxb2+ 31. Kf1 Qxb5+ 0-1

[Event "*** Titled Tuesday Blitz"]
[Site "Chess.com"]
[Date "2021.04.20"]
[Round "3"]
[White "pirulillo"]
[Black "elohunter1999"]
[Result "0-1"]
[WhiteElo "2215"]
[BlackElo "2491"]
[TimeControl "180+1"]
[EndTime "10:25:49 PDT"]
[Termination "elohunter1999 won by checkmate"]

1. e4 c5 2. Nf3 Nc6 3. Bb5 e6 4. O-O Nge7 5. b3 a6 6. Bxc6 Nxc6 7. Bb2 d6 8. d4 cxd4 9. Nxd4 Bd7 10. c4 Be7 11. Nxc6 Bxc6 12. Nd2 O-O 13. Qg4 Bf6 14. Bxf6 Qxf6 15. Rfd1 b5 16. Qf3 Qe5 17. Qe3 Rfd8 18.
f4 Qf6 19. Nf3 bxc4 20. e5 Qe7 21. exd6 Rxd6 22. Ne5 cxb3 23. axb3 Rxd1+ 24. Rxd1 Bd5 25. Qb6 h6 26. Ra1 Rc8 27. Qxa6 Rc2 28. Ra2 Qc5+ 29. Kf1 Qf2# 0-1

[Event "*** Titled Tuesday Blitz"]
[Site "Chess.com"]
[Date "2021.04.20"]
[Round "3"]
[White "Didici"]
[Black "Sjakkerntobi"]
[Result "1-0"]
[WhiteElo "2598"]
[BlackElo "2390"]
[TimeControl "180+1"]
[EndTime "10:25:51 PDT"]
[Termination "Didici won on time"]

1. e4 e6 2. b3 d5 3. Bb2 dxe4 4. Nc3 Nf6 5. Qe2 c5 6. Nxe4 Nxe4 7. Qxe4 Nc6 8. Nf3 Qd5 9. Qe3 Bd7 10. O-O-O O-O-O 11. Bc4 Qh5 12. h3 Be7 13. Bxg7 Rhg8 14. g4 Qg6 15. Bb2 Bf6 16. Ne5 Nxe5 17. Bxe5 Be7 18. f4 Bc6 19. Rhf1 h5 20. g5 Qf5 21. d4 Qe4 22.
Qxe4 Bxe4 23. h4 Bf5 24. Kb2 a6 25. a4 cxd4 26. Bxd4 1-0

[Event "*** Titled Tuesday Blitz"]
[Site "Chess.com"]
[Date "2021.04.20"]
[Round "3"]
[White "Qvalda"]
[Black "parintele_chess"]
[Result "1-0"]
[WhiteElo "2448"]
[BlackElo "2221"]
[TimeControl "180+1"]
[EndTime "10:25:52 PDT"]
[Termination "Qvalda won by resignation"]

1. e4 c5 2. f4 d5 3. Bb5+ Nc6 4. exd5 Qxd5 5. Nf3 Qe4+ 6. Qe2 Qxe2+ 7. Kxe2 Bd7 8. Nc3 Nd4+ 9. Nxd4 cxd4 10. Bxd7+ Kxd7 11. Nb5 e5 12. fxe5 Bc5 13. Rf1 f6 14. d3 a6 15. Nd6 Bxd6 16. exd6 Re8+ 17. Kf3 Kxd6 18. Bf4+ Kd7 19. Rae1 Rxe1 20. Rxe1 Ne7 21. g4 Nc6 22.
h4 Re8 23. Rxe8 Kxe8 24. Ke4 Kd7 25. a3 Ke6 26. Bc7 g6 27. Bb6 f5+ 28. gxf5+ gxf5+ 29. Kf4 Kf6 30. Bc7 Ne7 31. Bd8 1-0

[Event "*** Titled Tuesday Blitz"]
[Site "Chess.com"]
[Date "2021.04.20"]
[Round "3"]
[White "scarabee43"]
[Black "Mikhal867"]
[Result "1-0"]
[WhiteElo "2654"]
[BlackElo "2434"]
[TimeControl "180+1"]
[EndTime "10:25:53 PDT"]
[Termination "scarabee43 won by checkmate"]

1. d4 g6 2. c4 Bg7 3. Nc3 d6 4.
e4 Nf6 5. Nf3 O-O 6. Be2 e5 7.
O-O Nbd7 8. Be3 Ng4 9. Bg5 f6 10. Bd2 Nh6 11. Qc2 c6 12. Rad1 Qe7 13. Rfe1 g5 14. h3 Nf7 15. Bc1 Nd8 16. Qd2 Ne6 17. dxe5 dxe5 18. Qd6 Qxd6 19. Rxd6 Ndc5 20. b4 Na6 21. b5 cxb5 22. cxb5 Nac5 23. Ba3 Kh8 24. Bc4 b6 25. Red1 Nf4 26. Bxc5 bxc5 27. Nd5 g4 28. hxg4 Bxg4 29. Nxf4 exf4 30. R1d5 f5 31. e5 Rfc8 32.
Ng5 Bf8 33. Rd7 h6 34. Rh7+ Kg8 35. Rd8# 1-0

[Event "*** Titled Tuesday Blitz"]
[Site "Chess.com"]
[Date "2021.04.20"]
[Round "3"]
[White "BashirliSaadat"]
[Black "Harald_Schmidt"]
[Result "0-1"]
[WhiteElo "2186"]
[BlackElo "2394"]
[TimeControl "180+1"]
[EndTime "10:25:58 PDT"]
[Termination "Harald_Schmidt won by resignation"]

1. e4 e5 2. Nf3 Nc6 3. Bc4 Nf6 4. d3 Be7 5. c3 O-O 6. O-O d6 7. Re1 Be6 8. Bb3 a5 9. Nbd2 a4 10. Bc2 a3 11. b3 d5 12. c4 d4 13. Nf1 Bb4 14.
Bd2 Qe7 15. Ng3 Nd7 16. h3 g6 17. Re2 Bxd2 18. Qxd2 f6 19. h4 Kg7 20. h5 Nb4 21.
h6+ Kg8 22. Rae1 Nxa2 23. Ra1 Nb4 24. Bd1 a2 25. Re1 Ra3 26. Bc2 Rfa8 27. Ne2 Nxc2 28. Qxc2 Qb4 29. Nd2 Nc5 30. Nc1 Qc3 31. Qxc3 dxc3 32. Nf1 b5 33. b4 Nb3 34. c5 Nxa1 35.
Ne3 Nb3 36. Nxb3 Rxb3 37. Nc2 Rb1 38. Na1 0-1

[Event "*** Titled Tuesday Blitz"]
[Site "Chess.com"]
[Date "2021.04.20"]
[Round "3"]
[White "Igor_Lysyj"]
[Black "Pelopidass"]
[Result "1-0"]
[WhiteElo "2777"]
[BlackElo "2557"]
[TimeControl "180+1"]
[EndTime "10:25:59 PDT"]
[Termination "Igor_Lysyj won by resignation"]

1. d4 Nf6 2. c4 g6 3. Nc3 Bg7 4. e4 d6 5. h3 O-O 6. Be3 Nc6 7. Nf3 e5 8. d5 Nd4 9. Nxd4 exd4 10. Bxd4 Nxe4 11.
Bxg7 Re8 12. Be2 Kxg7 13. Qd4+ Qf6 14. Qxf6+ Kxf6 15. Nb5 Re7 16. O-O a6 17. Nd4 Bd7 18. Rfd1 Rae8 19. Bf1 h5 20. Rac1 b6 21. b4 g5 22. Rd3 g4 23. h4 Bf5 24. Nc6 Rd7 25. Re3 Rg8 26. Bd3 Nd2 27. Bxf5 Kxf5 28. Nd4+ Kg6 29.
Rc2 1-0

[Event "*** Titled Tuesday Blitz"]
[Site "Chess.com"]
[Date "2021.04.20"]
[Round "3"]
[White "juancruzarias"]
[Black "Eloist"]
[Result "1-0"]
[WhiteElo "2565"]
[BlackElo "2368"]
[TimeControl "180+1"]
[EndTime "10:26:00 PDT"]
[Termination "juancruzarias won by checkmate"]

1. d4 e6 2. Nf3 Nf6 3. e3 b6 4. Bd3 Bb7 5. O-O c5 6. c4 g6 7. Nc3 Bg7 8. d5 exd5 9. cxd5 Nxd5 10. e4 Nxc3 11. bxc3 Bxc3 12. Bh6 Bxa1 13. Qxa1 f6 14. Bg7 Kf7 15. Bxh8 Qxh8 16. Rd1 Qe8 17. Bc4+ Kg7 18. e5 Qe7 19. Re1 Nc6 20. Bd5 fxe5 21. Nxe5 Qf6 22. f4 Re8 23. g4 Na5 24. g5 Qxf4 25. Nc6+ Kf8 26. Qh8# 1-0